 Dungeon Crawl Stone Soup version 0.28.0-1-gb440e238dd (webtiles) character file.

Game seed: 4927195501332770500

158 croobank the Sneak (level 5, 0/31 HPs)
             Began as an Octopode Fire Elementalist on Feb 19, 2022.
             Slain by a water moccasin zombie (6 damage)
             ... on level 4 of the Dungeon.
             The game lasted 00:10:42 (3845 turns).

croobank the Sneak (Octopode Fire Elementalist)     Turns: 3845, Time: 00:10:43

Health: 0/31       AC:  1    Str:  7    XL:     5   Next: 39%
Magic:  1/9        EV: 13    Int: 20    God:
Gold:   215        SH:  3    Dex: 12    Spells: 2/9 levels left

rFire   . . .      SeeInvis .   c - +3 spear
rCold   . . .      Faith    .   q - +0 buckler
rNeg    . . .      Spirit   .   (helmet restricted)
rPois   .          Reflect  .   (no amulet)
rElec   .          Harm     .   (no ring)
rCorr   .          Rampage  .   (no ring)
Will    .....                   (no ring)
Stlth   +++.......              (no ring)
HPRegen 0.10/turn               (no ring)
MPRegen 0.11/turn               (no ring)
                                (no ring)
                                (no ring)

@: no status effects
A: almost no armour, amphibious, 8 rings, camouflage 1, gelatinous body 1,
(nimble swimmer 1), tentacles
a: no special abilities


You were on level 4 of the Dungeon.
You visited 1 branch of the dungeon, and saw 4 of its levels.

You collected 215 gold pieces.

Inventory:

Hand Weapons
 c - a +3 spear (weapon)
 n - a +2 short sword of venom
 s - a +0 vorpal mace
Missiles
 d - 67 stones
 i - 19 bolts
 l - 2 poisoned darts
 o - 22 sling bullets
Armour
 q - a +0 buckler (worn)
Jewellery
 m - a ring of resist corrosion
Wands
 t - a wand of polymorph (5)
Scrolls
 b - 2 scrolls of immolation
 e - 2 scrolls of teleportation
 f - a scroll of fog {unknown}
 g - a scroll of enchant armour {unknown}
 k - a scroll of fear {unknown}
 p - 2 scrolls of identify {unknown}
 r - a scroll of amnesia {unknown}
Potions
 a - a potion of cancellation
 h - 2 potions of lignification {unknown}
 j - 2 potions of ambrosia {unknown}
 u - a potion of attraction {unknown}


   Skills:
 + Level 3.0 Dodging
 + Level 4.2 Stealth
 + Level 2.8 Spellcasting
 + Level 2.2 Conjurations
 + Level 3.7 Fire Magic


You had 2 spell levels left.
You knew the following spells:

 Your Spells              Type           Power      Damage    Failure   Level
a - Foxfire               Conj/Fire      56%        2x1d6     6%          1
b - Scorch                Fire           34%        2d7       6%          2
c - Flame Wave            Conj/Fire      14%        2d6       50%         4

Your spell library contained the following spells:

 Spells                   Type           Power      Damage    Failure   Level
 Conjure Flame            Conj/Fire      14%        6-21      17%         3
 Inner Flame              Hex/Fire       10%        N/A       28%         3
 Dazzling Flash           Conj/Hex       14%        N/A       36%         3
 Agony                    Necr           2%         N/A       99%         5
 Silence                  Hex/Air        1%         N/A       99%         5


Dungeon Overview and Level Annotations

Branches:
Dungeon (4/15)
 Temple: D:4-7

Altars:
Yredelemnul
The Shining One

Shops:
D:1 *


Innate Abilities, Weirdness & Mutations

You cannot wear most types of armour.
You are amphibious.
You can wear up to eight rings at the same time.
Your skin changes colour to match your surroundings (Stealth+).
Your rubbery body absorbs attacks. (AC +1, EV +1)
((You are camouflaged when in or above water. (Stealth+)))
You have tentacles for arms and can constrict up to eight enemies at once.


Message History

The water moccasin zombie closely misses you.
Unknown command.
Casting: Scorch (safe; 6% risk of failure)
Confirm with . or Enter, or press ? or * to list all spells.
Flames lash the water moccasin zombie.
The water moccasin zombie is heavily damaged.
The water moccasin zombie's fire resistance burns away.
Casting: Scorch (safe; 6% risk of failure)
Confirm with . or Enter, or press ? or * to list all spells.
Flames lash the scorpion.
The scorpion is moderately wounded.
The scorpion's fire resistance burns away.
Casting: Scorch (safe; 6% risk of failure)
Confirm with . or Enter, or press ? or * to list all spells.
Flames lash the scorpion.
The scorpion is burned terribly!
The scorpion is severely wounded.
You block the scorpion's attack. The scorpion misses you.
Okay, then.
The water moccasin zombie is no longer more vulnerable to fire.
You are too injured to fight recklessly!
You are too injured to fight recklessly!
You are too injured to fight recklessly!
You closely miss the water moccasin zombie.
Your grab misses the water moccasin zombie.
You squeeze the water moccasin zombie.
The water moccasin zombie is heavily damaged.
The water moccasin zombie bites you but does no damage.
You closely miss the water moccasin zombie.
You grab the water moccasin zombie.
You tentacle-slap the water moccasin zombie, but do no damage.
The water moccasin zombie is heavily damaged.
You constrict the water moccasin zombie.
The water moccasin zombie bites you.
* * * LOW HITPOINT WARNING * * *
The water moccasin zombie bites you.
* * * LOW HITPOINT WARNING * * *
It was a potion of cancellation.
You feel magically purged.
You constrict the water moccasin zombie.
The water moccasin zombie bites you.
You die...

#.#. .#.# # ##...
...#.# #..#.# #.#.#.#
#..#..#..#...
#..##...##.# ##
#...##g##..# #.
#.#g.s.....######### #.
#...######.##......###.
###gsZ@....##.#........
########....#.#......
#.#..#.#.#...#
#.##.#.#.#.#.#
#.##.#.#.#.#.#
#.##.#.#.#...#
#.##.#.#......
#....#........ ####..
.......


You could see a scorpion (combustible), a water moccasin zombie and a goblin.

Vanquished Creatures
  A bullfrog skeleton (D:4)
  An orc wizard (D:3)
  An adder (D:4)
  3 worms
  A dart slug (D:1)
  9 orcs
  9 endoplasms
  5 giant cockroaches
  6 goblins
  7 hobgoblins
  4 quokkas
  4 bats (D:1)
  4 frilled lizards
  14 kobolds
  5 rats
74 creatures vanquished.

Vanquished Creatures (others)
  103 foxfires
103 creatures vanquished.

Grand Total: 177 creatures vanquished

Notes
Turn   | Place    | Note
-------+----------+-------------------------------------------
     0 | D:1      | croobank the Octopode Fire Elementalist began the quest for
                  | the Orb.
     0 | D:1      | Reached XP level 1. HP: 11/11 MP: 3/3
   246 | D:1      | Reached XP level 2. HP: 17/17 MP: 0/5
   253 | D:1      | Learned a level 2 spell: Scorch
   269 | D:1      | Reached skill level 3 in Stealth
   473 | D:1      | Found a faded altar of an unknown god.
   822 | D:1      | Reached XP level 3. HP: 15/21 MP: 3/6
   955 | D:1      | Found Ociem's Assorted Antiques.
  1970 | D:2      | Reached XP level 4. HP: 27/27 MP: 5/7
  2049 | D:2      | Learned a level 4 spell: Flame Wave
  2980 | D:3      | Reached skill level 4 in Stealth
  3069 | D:3      | Found a basalt altar of Yredelemnul.
  3132 | D:3      | Found a glowing golden altar of the Shining One.
  3458 | D:4      | Reached XP level 5. HP: 31/31 MP: 5/9
  3845 | D:4      | Slain by a water moccasin zombie

Illustrated notes

Levels and vault maps discovered:
D:1:      minmay_arrival_solitary_statue, layout_loops_ring,
          hellmonk_ecumenical_altar_crossroads, serial_shops, shop,
          chequers_serial_rivers_large_a
D:2:      layout_rooms
D:3:      layout_basic, lemuel_crystal_altar, yredelemnul_altar_generic
D:4:      layout_basic, minmay_misc_feat_more_columns, corexii_checkpoint_b,
          fountainhead, minmay_box_of_dots

Skill      XL: |  1  2  3  4  5 |
---------------+----------------+-----
Stealth        | 3 4 |  4.2
Conjurations   | 2 |  2.2
Dodging        | 3 |  3.0
Spellcasting   | |  2.8
Fire Magic     | |  3.7

Action                   |  1- 3 |  4- 6 || total
-------------------------+-------+-------++-------
Melee: Unarmed           |     5 |       ||     5
       Tentacles         |     9 |     9 ||    18
       Constrict         |     6 |     9 ||    15
       Spear             |    21 |    20 ||    41
       Punch             |       |     2 ||     2
 Cast: Foxfire           |    41 |    20 ||    61
       Scorch            |    18 |    18 ||    36
  Use: Scroll            |     8 |       ||     8
       Potion            |       |     1 ||     1
 Stab: Sleeping          |       |     2 ||     2
Armor: Skin              |     4 |     2 ||     6
Dodge: Dodged            |    20 |    19 ||    39
Block: Buckler           |       |     2 ||     2
